 Dungeon Crawl Stone Soup version 0.21-a0-200-gb89f83b (webtiles) character file.

429 Helio the Charlatan (level 6, 0/28 HPs)
             Began as a Spriggan Enchanter on Aug 16, 2017.
             Was an Initiate of Dithmenos.
             Slain by smzp's ghost (3 damage)
             ... on level 4 of the Dungeon.
             The game lasted 00:12:51 (5896 turns).

Helio the Charlatan (Spriggan Enchanter)            Turns: 5896, Time: 00:12:52

Health: 0/28       AC:  3    Str:  5    XL:     6   Next: 66%
Magic:  13/14      EV: 18    Int: 18    God:    Dithmenos [......]
Gold:   235        SH:  0    Dex: 16    Spells: 2/14 levels left

rFire    . . .     SeeInvis +   a - +1 dagger
rCold    . . .     Gourm    .   (shield restricted)
rNeg     . . .     Faith    .   b - +1 robe
rPois    .         Spirit   .   (helmet restricted)
rElec    .         Reflect  .   (no cloak)
rCorr    .         Harm     .   (gloves unavailable)
MR       +....                  (boots unavailable)
Stlth    +++.......             (no amulet)
HPRegen  0.09/turn              (no ring)
MPRegen  0.14/turn              (no ring)

@: very quick
A: unfitting armour, see invisible, herbivore 3, speed 3, slow metabolism 2
a: Renounce Religion


You were on level 4 of the Dungeon.
You worshipped Dithmenos.
Dithmenos was noncommittal.
You were not hungry.

You visited 2 branches of the dungeon, and saw 6 of its levels.

You collected 235 gold pieces.

Inventory:

Hand Weapons
 a - a +1 dagger (weapon)
Armour
 b - a +1 robe (worn)
Wands
 k - a wand of digging (13/24)
Scrolls
 j - a scroll of magic mapping
 l - a scroll of recharging
 m - 2 scrolls of teleportation
Potions
 e - a potion of invisibility
 f - 2 potions of curing
 g - a potion of might
 h - a potion of ambrosia {unknown}
 i - 2 potions of magic
 n - a potion of lignification {unknown}
Books
 c - a book of Maledictions

   Spells                             Type                      Level
   a - Corona                         Hexes                        1
   b - Ensorcelled Hibernation        Hexes/Ice                    2
   c - Confuse                        Hexes                        3
   d - Tukima's Dance                 Hexes                        3
   e - Dazzling Spray                 Conjuration/Hexes            3
Comestibles
 d - 3 bread rations


   Skills:
 - Level 1.1 Short Blades
 - Level 3.0 Dodging
 + Level 4.5 Stealth
 - Level 4.8 Spellcasting
 - Level 5.5 Hexes
 - Level 6.2 Evocations


You had 2 spell levels left.
You knew the following spells:

 Your Spells              Type           Power        Failure   Level  Hunger
a - Ensorcelled Hibernat  Hex/Ice        ##....       6%          2    #......
b - Corona                Hex            ###....      1%          1    None
c - Confuse               Hex            ###.....     4%          3    ###....
d - Tukima's Dance        Hex            ###.....     4%          3    ###....
e - Dazzling Spray        Conj/Hex       ##....       13%         3    ###....


Dungeon Overview and Level Annotations

Branches:
Dungeon (5/15)             Temple (1/1) D:4

Altars:
Ashenzari
Cheibriados
Dithmenos
Elyvilon
Fedhas
Gozag
Hepliaklqana
Kikubaaqudgha
Makhleb
Nemelex Xobeh
Okawaru
Qazlal
Ru
Sif Muna
Trog
Uskayaw
Vehumet
Wu Jian
Xom
Yredelemnul
Zin
The Shining One

Annotations:
D:4 Blork the orc; smzp's ghost, amateur MiMo


Innate Abilities, Weirdness & Mutations

You are very small and have problems with some larger weapons.
You are too small for most types of armour.
You have supernaturally acute eyesight. (SInv)
You are a herbivore.
You cover ground extremely quickly.
You need consume almost no food.


Message History

Smzp's ghost is moderately damaged.
You hit smzp's ghost but do no damage.
Smzp's ghost is moderately damaged.
You hit smzp's ghost but do no damage.
Smzp's ghost is moderately damaged.
There is a stone staircase leading down, spattered with blood here.
You hit smzp's ghost but do no damage.
Smzp's ghost is moderately damaged.
You catch the helpless smzp's ghost completely off-guard!
You puncture smzp's ghost!
Smzp's ghost is heavily damaged.
You hit smzp's ghost but do no damage.
Smzp's ghost is heavily damaged.
You hit smzp's ghost.
Smzp's ghost is heavily damaged.
Smzp's ghost seems less confused.
Smzp's ghost hits you!
* * * LOW HITPOINT WARNING * * *
There is a stone staircase leading down, spattered with blood here.
Smzp's ghost hits you.
You die...

+.....#...+
#.....#...#
###########
. #...##...#
..
.........#
...
........##..
......'. #
#...# ##.
#.W@# ....
#..†#
.....##...#
..........#
##...##...#
### #...#
#...# #....#
#....#


You could see smzp's ghost.

Vanquished Creatures
  An ice beast (D:5)
  A phantom (D:5)
  A howler monkey (D:5)
  A hound (D:4)
  A bullfrog skeleton (D:5)
  5 adders
  An ooze (D:4)
  A worm (D:3)
  5 dart slugs
  5 leopard geckos
  8 bats
  6 giant cockroaches
  11 goblins
  10 hobgoblins
  9 jackals
  A quokka (D:2)
  A ball python (D:1)
  7 frilled lizards
  8 kobolds
  7 rats
90 creatures vanquished.

Notes
Turn   | Place    | Note
-------+----------+-------------------------------------------
     0 | D:1      | Helio the Spriggan Enchanter began the quest for the Orb.
     0 | D:1      | Reached XP level 1. HP: 9/9 MP: 5/5
   285 | D:1      | Reached XP level 2. HP: 11/13 MP: 5/7
   289 | D:1      | Learned a level 2 spell: Ensorcelled Hibernation
  1478 | D:2      | Reached XP level 3. HP: 15/16 MP: 9/9
  1483 | D:2      | Learned a level 3 spell: Confuse
  1487 | D:2      | Learned a level 3 spell: Tukima's Dance
  2725 | D:2      | Found a glowing golden altar of the Shining One.
  2876 | D:3      | Reached XP level 4. HP: 13/21 MP: 8/11
  3128 | D:2      | Reached skill level 5 in Hexes
  4380 | D:3      | Reached XP level 5. HP: 19/24 MP: 13/13
  4438 | D:3      | Learned a level 3 spell: Dazzling Spray
  4506 | D:3      | Found a deep blue altar of Sif Muna.
  4580 | D:4      | Reached skill level 1 in Evocations
  4683 | D:4      | Found a staircase to the Ecumenical Temple.
  4705 | Temple   | Entered the Ecumenical Temple
  4790 | Temple   | Became a worshipper of Dithmenos the Shadowed
  5041 | D:4      | Noticed Blork the orc
  5160 | D:4      | Noticed a phantom
  5164 | D:4      | HP: 1/24 [Blork the orc/magic dart (5)]
  5170 | D:5      | Entered Level 5 of the Dungeon
  5199 | D:5      | Killed a phantom
  5199 | D:5      | Reached skill level 4 in Evocations
  5555 | D:5      | Noticed an ice beast
  5574 | D:5      | Killed an ice beast
  5574 | D:5      | Reached skill level 5 in Evocations
  5574 | D:5      | Reached XP level 6. HP: 28/28 MP: 5/14
  5691 | D:4      | Reached skill level 6 in Evocations
  5715 | D:4      | Noticed smzp's ghost (amateur MiMo)
  5896 | D:4      | Slain by smzp's ghost

Vault maps used:
D:1:      lemuel_arrival_lava_pool
D:2:      nicolae_overflow_hidden_temple, small_statue_intersection,
          minmay_pentomino_p4
D:3:      minmay_misc_feat_pillars, lemuel_blue_sif_altar
D:4:      minmay_temple_entry_purple_smoke, uniq_blork_the_orc
D:5:      serial_shops, nicolae_shop_stone, first_bread,
          kennysheep_generic_room_15
Temple:   regret_index_temple_sigil_plot

Skill      XL: |  1  2  3  4  5  6 |
---------------+-------------------+-----
Spellcasting   | 3 4 |  4.8
Hexes          | 4 5 |  5.5
Evocations     | 5 6 |  6.2
Short Blades   | |  1.1
Dodging        | |  3.0
Stealth        | |  4.5

Action                   |  1- 3 |  4- 6 || total
-------------------------+-------+-------++-------
Melee: Dagger            |   123 |   147 ||   270
 Cast: Corona            |     7 |     1 ||     8
       Ensorcelled Hiber |    38 |    43 ||    81
       Confuse           |       |    15 ||    15
Evoke: Wand              |     1 |       ||     1
  Use: Scroll            |     4 |     6 ||    10
       Potion            |       |     2 ||     2
 Stab: Sleeping          |    31 |    31 ||    62
       Distracted        |     1 |       ||     1
       Confused          |       |    14 ||    14
  Eat: Royal jelly       |     1 |       ||     1
       Bread ration      |       |     1 ||     1
Armor: Robe              |    16 |    12 ||    28
Dodge: Dodged            |   103 |   117 ||   220
